 Dungeon Crawl Stone Soup version 0.17.1-3-g152610e (webtiles) character file.

1173 MrTails the Cleaver (level 8, -1/64 HPs)
             Began as a Minotaur Berserker on Feb 17, 2016.
             Was an Elder of Trog.
             Splashed by a jelly's acid (5 damage)
             ... on level 6 of the Dungeon.
             The game lasted 00:09:11 (5901 turns).

MrTails the Cleaver (Minotaur Berserker)            Turns: 5901, Time: 00:09:11

Health: -1/64      AC: -1    Str: 23    XL:     8   Next: 18%
Magic:  7/7        EV: 10    Int:  4    God:    Trog [****..]
Gold:   279        SH:  0    Dex: 11    Spells: 0 memorised, 7 levels left

rFire  + + .     SeeInvis .     C - +0 war axe
rCold  x . .     Clarity  .     B - +0 scale mail {rC+}
rNeg   . . .     SustAt   .     (no shield)
rPois  .         Gourm    .     (helmet restricted)
rElec  .         Spirit   .     (no cloak)
rCorr  .         Warding  .     (no gloves)
rMut   .         Stasis   .     (no boots)
MR     .....                    (no amulet)
Stlth  ..........               v - ring of fire
                                o - ring of fire

@: exhausted, corroded equipment, slowed, very slow, not resistant to hostile
enchantments, extremely unstealthy
A: retaliatory headbutt, horns 2
a: Berserk, Trog's Hand, Brothers in Arms, Burn Spellbooks, Renounce Religion


You were on level 6 of the Dungeon.
You worshipped Trog.
Trog was greatly pleased with you.
You were not hungry.

You visited 1 branch of the dungeon, and saw 6 of its levels.

You collected 279 gold pieces.

Inventory:

Hand Weapons
 a - a +0 hand axe
 C - a +0 war axe (weapon)
Armour
 b - a +0 animal skin
 q - a +0 scale mail
 B - a +0 scale mail of cold resistance (worn)
Jewellery
 o - a ring of fire (left hand)
 v - a ring of fire (right hand)
 D - an uncursed ring of stealth {unknown}
Wands
 n - a wand of confusion (27)
 s - a wand of frost (18)
Scrolls
 e - a scroll of fog {unknown}
 g - a scroll of random uselessness {unknown}
 h - 2 scrolls of identify
 i - a scroll of magic mapping {unknown}
 k - 3 scrolls of remove curse {unknown}
 m - 3 scrolls of recharging {unknown}
 w - 3 scrolls of amnesia {unknown}
 y - 4 scrolls of teleportation {unknown}
Potions
 d - 2 potions of haste {unknown}
 f - 5 potions of curing {unknown}
 j - 3 potions of might {unknown}
 l - a potion of invisibility {unknown}
 p - a potion of heal wounds {unknown}
 z - a potion of agility {unknown}
 A - a potion of ambrosia {unknown}
 E - 2 potions of poison {unknown}
Books
 u - a book of Power

   Spells                             Type                      Level
   a - Fulminant Prism                Conjuration/Hexes            4
   b - Iskenderun's Mystic Blast      Conjuration                  4
   c - Venom Bolt                     Conjuration/Poison           5
   d - Bolt of Magma                  Conjuration/Fire/Earth       5
   e - Iron Shot                      Conjuration/Earth            6
   f - Orb of Destruction             Conjuration                  7
   g - Spellforged Servitor           Conjuration/Summoning        7
   Trog disapproves of the use of such an item.
 x - a book of Transfigurations

   Spells                             Type                      Level
   a - Stoneskin                      Transmutation/Earth          2
   b - Irradiate                      Conjuration/Transmutation    5
   c - Statue Form                    Transmutation/Earth          6
   d - Hydra Form                     Transmutation                6
   e - Dragon Form                    Transmutation                7
   Trog disapproves of the use of such an item.
Comestibles
 c - a bread ration
 r - 2 meat rations
 t - a beef jerky
 F - 2 chunks of flesh


   Skills:
 - Level 3.6 Fighting
 * Level 11.9 Axes
 - Level 2.4 Armour
 - Level 2.1 Dodging


You had 7 spell levels left.
You didn't know any spells.

Dungeon Overview and Level Annotations

Branches:
Dungeon (6/15)
 Temple: D:4-7

Altars:
Elyvilon
Makhleb
Ru
Vehumet
Xom


Innate Abilities, Weirdness & Mutations

You reflexively headbutt those who attack you in melee.
You have a pair of horns on your head.


Message History

A jelly comes into view.
A jelly is nearby!
The jelly hits you.
You are splashed with acid!
The acid corrodes you!
The acid burns!
The jelly misses you. You furiously retaliate!
You headbutt the jelly! You hit the jelly. The acid corrodes you!
Your hands burn!
The jelly is heavily wounded.
The jelly barely misses you.
You hit the jelly.
Your hands burn!
The jelly is severely wounded.
The jelly hits you.
You are splashed with acid!
The acid burns!
* * * LOW HITPOINT WARNING * * *
You barely miss the jelly.
The jelly is severely wounded.
The jelly misses you. The jelly hits you.
* * * LOW HITPOINT WARNING * * *
You are splashed with acid!
The acid burns!
* * * LOW HITPOINT WARNING * * *
You hit the jelly. The acid corrodes you!
Your hands burn!
You die...

#.# #. >. #.# #. # #...
#.# #. #. #.. #.# ###.
###.###.. #.# #...
......... #.########...
........# #........'...
........########....##...
.......J@......'.....'...
........########....##...
........# #....#####
........# #....#
........# #....#
........# #....#
######### ######


You could see a jelly.

Vanquished Creatures
  Sigmund (D:2)
  A centaur (D:5)
  A giant frog (D:6)
  3 jellies (D:6)
  An electric eel (D:6)
  3 hounds
  A crimson imp (D:5)
  3 orc priests
  4 orc wizards
  Terence (D:2)
  2 iguanas (D:5)
  4 worker ants
  Robin (D:3)
  9 adders
  2 oozes
  3 worms
  An adder zombie (D:5)
  2 giant geckos (D:2)
  19 orcs
  4 ball pythons
  6 giant cockroaches
  7 hobgoblins
  6 kobolds
  3 quokkas
  4 bats
  A giant newt (D:4)
  20 goblins
  A jackal zombie (D:6)
  9 rats
123 creatures vanquished.

Notes
Turn   | Place    | Note
--------------------------------------------------------------
     0 | D:1      | MrTails the Minotaur Berserker began the quest for the Orb.
     0 | D:1      | Reached XP level 1. HP: 19/19 MP: 0/0
   111 | D:1      | Reached skill level 4 in Axes
   169 | D:1      | Reached XP level 2. HP: 12/26 MP: 1/1
   776 | D:2      | Noticed Terence
   779 | D:2      | Killed Terence
   779 | D:2      | Reached skill level 5 in Axes
   779 | D:2      | Reached XP level 3. HP: 31/31 MP: 2/2
   831 | D:2      | Reached ** piety under Trog
   836 | D:2      | Reached XP level 4. HP: 23/39 MP: 3/3
  1197 | D:2      | Reached skill level 6 in Axes
  1438 | D:2      | Noticed Sigmund
  1494 | D:2      | Killed Sigmund
  1494 | D:2      | Reached skill level 8 in Axes
  1494 | D:2      | Reached XP level 5. HP: 21/45 MP: 4/4
  1905 | D:2      | Reached XP level 6. HP: 47/51 MP: 5/5
  2230 | D:3      | Noticed Robin
  2231 | D:3      | Reached *** piety under Trog
  2239 | D:3      | Killed Robin
  2431 | D:3      | Found a radiant altar of Vehumet.
  2539 | D:3      | Found a shimmering altar of Xom.
  2941 | D:3      | Found a burning altar of Makhleb.
  2945 | D:3      | Reached skill level 9 in Axes
  3361 | D:3      | Found a sacrificial altar of Ru.
  3361 | D:3      | Found a white marble altar of Elyvilon.
  3995 | D:4      | Reached XP level 7. HP: 57/57 MP: 6/6
  4016 | D:4      | Reached **** piety under Trog
  4066 | D:5      | Entered Level 5 of the Dungeon
  4127 | D:5      | Reached skill level 10 in Axes
  4814 | D:5      | Reached skill level 11 in Axes
  5867 | D:6      | Reached XP level 8. HP: 46/64 MP: 7/7
  5901 | D:6      | Splashed by a jelly's acid

Action                   |  1- 3 |  4- 6 |  7- 9 || total
-------------------------+-------+-------+-------++-------
Melee: Hand axe          |    42 |   161 |    91 ||   294
       War axe           |       |       |    45 ||    45
Invok: Berserk           |     1 |     1 |     1 ||     3
  Use: Scroll            |       |     1 |     2 ||     3
  Eat: Chunk             |     1 |     4 |     1 ||     6
       Bread ration      |       |     2 |     1 ||     3
